Map: [ESL] Royal Blood

Players

SKillous

  • Race: Protoss Protoss
  • Spawn Location: 1:00

Reynor - Winner!

  • Race: Zerg Zerg
  • Spawn Location: 7:00

Event: ESL SC2 Masters 2023 Summer (Regionals)

VOD

Have the link to the VOD?

Description

Time

  • Played on: May 28, 2023, 6:11 a.m.
  • Length: 9:43

All games in this series

Show
View Real Time Build Order
Export as new Build Order

SKillous Protoss 

Build Orders: 1 Gate Expand, Zealot Archon 

Get SALT Encoding   

  12  0:00  Probe  
  13  0:12  Probe  
  14  0:17  Pylon  
  14  0:24  Probe (Chrono Boost)  
  15  0:36  Probe (Chrono Boost)  
  16  0:43  Gateway  
  16  0:45  Probe (Chrono Boost)  
  16  0:47  Assimilator  
  17  0:51  Probe  
  18  1:03  Probe  
  19  1:15  Probe  
  20  1:24  Nexus  
  20  1:35  Cybernetics Core  
  20  1:38  Probe  
  21  1:43  Assimilator  
  21  1:50  Probe  
  21  1:52  Pylon  
  22  2:02  Probe (Chrono Boost)  
  23  2:09  Adept (Chrono Boost)  
  23  2:12  Warp Gate  
  23  2:14  Probe (Chrono Boost)  
  26  2:22  Probe (Chrono Boost), Robotics Facility  
  27  2:28  Probe  
  27  2:32  Stalker  
  30  2:40  Probe (Chrono Boost)  
  32  2:46  Probe (Chrono Boost)  
  32  2:49  Probe (Chrono Boost)  
  33  2:54  Probe x2 (Chrono Boost)  
  35  3:05  Probe  
  36  3:07  Probe, Warp Prism (Chrono Boost)  
  36  3:12  Robotics Bay  
  39  3:17  Probe  
  39  3:18  Pylon  
  40  3:21  Probe  
  41  3:29  Probe  
  41  3:33  Probe  
  43  3:36  Observer  
  45  3:41  Probe  
  45  3:45  Nexus  
  45  3:47  Pylon  
  45  3:49  Probe  
  45  3:53  Probe  
  47  3:56  Disruptor (Chrono Boost)  
  47  4:00  Gravitic Drive  
  47  4:01  Probe  
  51  4:04  Shield Battery  
  51  4:06  Probe  
  52  4:10  Assimilator  
  52  4:11  Adept  
  52  4:13  Probe  
  52  4:15  Assimilator  
  55  4:19  Shield Battery  
  55  4:20  Probe  
  56  4:25  Probe  
  56  4:27  Disruptor (Chrono Boost)  
  60  4:32  Probe  
  60  4:36  Gateway  
  61  4:42  Probe  
  62  4:49  Pylon  
  62  4:56  Probe (Chrono Boost)  
  62  4:58  Forge, Twilight Council  
  65  5:00  Probe (Chrono Boost)  
  65  5:01  Probe (Chrono Boost)  
  65  5:03  Immortal  
  70  5:08  Probe (Chrono Boost)  
  70  5:10  Probe (Chrono Boost)  
  70  5:11  Probe (Chrono Boost)  
  70  5:13  Probe (Chrono Boost)  
  72  5:18  Sentry  
  72  5:20  Probe (Chrono Boost), Pylon  
  76  5:21  Probe (Chrono Boost)  
  76  5:25  Gateway  
  76  5:26  Gateway  
  77  5:32  Probe (Chrono Boost)  
  77  5:33  Probe x2 (Chrono Boost)  
  80  5:36  Probe (Chrono Boost)  
  80  5:40  Protoss Ground Weapons Level 1 (Chrono Boost)  
  80  5:41  Probe x2  
  83  5:45  Blink  
  83  5:47  Probe  
  84  5:53  Probe x2  
  84  5:55  Assimilator  
  84  5:56  Assimilator  
  86  5:58  Pylon  
  86  6:00  Probe  
  80  6:04  Disruptor (Chrono Boost)  
  80  6:05  Probe  
  80  6:06  Probe  
  80  6:09  Stalker x2  
  89  6:17  Gateway  
  89  6:18  Gateway  
  89  6:19  Forge  
  89  6:20  Gateway  
  89  6:23  Pylon, Stalker x2  
  93  6:29  Pylon  
  93  6:33  Stalker x2  
  93  6:36  Immortal (Chrono Boost)  
  101  6:43  Templar Archives  
  101  6:44  Pylon  
  101  6:49  Protoss Ground Armor Level 1 (Chrono Boost)  
  101  6:51  Stalker x2  
  104  7:11  Observer  
  104  7:12  Stalker x4  
  113  7:15  Photon Cannon  
  113  7:18  Shield Battery  
  113  7:20  High Templar x2  
  113  7:21  Pylon  
  117  7:29  Archon  
  117  7:31  Shield Battery  
  117  7:33  Pylon  
  117  7:38  Nexus  
  117  7:39  Pylon  
  117  7:40  Pylon, Photon Cannon  
  117  7:44  Zealot x4  
  125  8:04  Zealot x3  
  135  8:05  Immortal (Chrono Boost)  
  135  8:12  Shield Battery  
  135  8:14  Photon Cannon  
  135  8:15  Probe x2  
  135  8:16  Probe, Pylon  
  135  8:19  Robotics Facility  
  135  8:32  Stalker x7  
  142  8:42  Disruptor (Chrono Boost)  
  135  8:49  Probe  
  135  8:51  Nexus  
  135  8:55  Zealot x6  
  148  8:59  Probe  
  149  9:05  Pylon  
  149  9:15  High Templar  
  151  9:21  High Templar  
  151  9:22  Stalker x2  
  151  9:23  Stalker  
  109  9:33  Stalker x2  
Show
View Real Time Build Order
Export as new Build Order

Reynor Zerg - Winner!

Build Orders: Hatch First 

Get SALT Encoding   

  12  0:00  Drone  
  13  0:12  Overlord  
  13  0:16  Drone  
  14  0:30  Drone x2  
  16  0:43  Drone  
  17  0:51  Hatchery  
  17  0:54  Drone  
  17  0:57  Drone  
  18  1:08  Extractor  
  17  1:13  Spawning Pool  
  17  1:16  Drone  
  17  1:19  Drone  
  18  1:27  Drone  
  19  1:38  Drone  
  20  1:48  Overlord  
  20  2:00  Queen  
  22  2:02  Queen  
  22  2:03  Drone x2  
  26  2:11  Zergling x2  
  26  2:14  Zergling x2  
  28  2:15  Metabolic Boost  
  28  2:21  Drone  
  29  2:24  Drone  
  30  2:32  Drone  
  31  2:38  Hatchery  
  31  2:39  Drone  
  31  2:45  Zergling x2  
  31  2:46  Overlord  
  32  2:52  Queen  
  34  2:59  Drone x2  
  34  3:05  Drone  
  37  3:06  Queen  
  37  3:09  Drone  
  40  3:13  Overlord  
  40  3:15  Drone  
  40  3:18  Drone  
  40  3:19  Drone  
  43  3:22  Drone  
  44  3:27  Overlord  
  44  3:31  Queen  
  44  3:33  Drone  
  47  3:36  Drone  
  47  3:40  Drone  
  49  3:42  Drone x2  
  49  3:45  Drone x3  
  54  3:50  Queen  
  54  3:52  Drone  
  54  3:53  Drone  
  54  3:54  Zergling x2  
  59  3:58  Zergling x4  
  61  4:03  Overlord  
  61  4:08  Drone  
  61  4:09  Drone  
  63  4:10  Queen, Drone  
  63  4:14  Overlord  
  66  4:17  Overlord  
  66  4:22  Drone x5  
  71  4:26  Drone  
  71  4:27  Spore Crawler  
  71  4:31  Drone  
  72  4:32  Lair  
  72  4:35  Zergling x2, Roach Warren  
  72  4:36  Zergling x2  
  72  4:38  Drone  
  74  4:41  Drone  
  74  4:42  Spore Crawler  
  74  4:44  Overlord  
  74  4:48  Drone x4  
  74  4:49  Drone  
  74  4:52  Drone x2  
  81  4:55  Drone  
  81  4:59  Extractor  
  81  5:00  Extractor  
  81  5:01  Overlord, Evolution Chamber  
  81  5:03  Drone x4  
  83  5:07  Spore Crawler  
  83  5:08  Drone x3  
  83  5:11  Overlord  
  83  5:13  Drone x2  
  87  5:16  Drone x3  
  90  5:22  Overlord  
  90  5:23  Drone  
  90  5:26  Extractor  
  90  5:31  Drone  
  91  5:37  Zergling x6  
  91  5:40  Drone x2  
  91  5:41  Drone  
  91  5:42  Overlord  
  96  5:45  Extractor, Drone  
  96  5:46  Baneling Nest  
  96  5:47  Extractor  
  96  5:49  Spore Crawler  
  92  5:50  Spore Crawler  
  92  5:52  Drone x3  
  92  5:53  Hatchery, Overlord  
  92  6:03  Drone x5  
  89  6:04  Overlord  
  89  6:07  Drone x3  
  89  6:09  Glial Reconstitution  
  89  6:10  Drone, Zerg Melee Weapons Level 1  
  89  6:11  Drone  
  96  6:15  Overlord  
  96  6:22  Roach x3  
  96  6:23  Roach  
  96  6:24  Evolution Chamber, Overseer  
  103  6:26  Roach x2  
  103  6:30  Centrifugal Hooks  
  107  6:34  Roach x3  
  107  6:37  Overlord  
  107  6:39  Roach, Zergling x2  
  116  6:42  Roach, Zergling x2  
  116  6:43  Ravager x2  
  121  6:48  Roach x2, Zergling x2  
  121  6:49  Zergling x2  
  121  6:50  Overlord  
  121  6:52  Ravager x2  
  129  6:58  Drone x3  
  129  7:00  Drone x2  
  133  7:01  Drone  
  133  7:02  Drone  
  133  7:03  Drone x2, Zerg Ground Armor Level 1  
  133  7:08  Drone x3  
  133  7:09  Drone  
  133  7:11  Drone  
  133  7:13  Drone  
  133  7:15  Drone  
  137  7:20  Drone x2  
  139  7:23  Infestation Pit  
  139  7:24  Zergling x2  
  139  7:26  Zergling x2  
  139  7:28  Zergling x4  
  142  7:31  Zergling x2  
  142  7:32  Zergling x10  
  142  7:33  Ravager  
  142  7:34  Overlord  
  142  7:36  Roach x2, Zergling x2  
  154  7:40  Zergling x4  
  154  7:43  Zergling x2  
  157  7:47  Zergling x4  
  159  7:56  Hatchery  
  159  7:58  Overlord, Zergling x4  
  158  7:59  Zergling x8  
  158  8:04  Hive  
  158  8:05  Zergling x8  
  168  8:06  Zergling x6  
  168  8:09  Overlord  
  168  8:10  Zergling x4  
  173  8:15  Zergling x6  
  173  8:16  Zergling x2  
  177  8:22  Overlord  
  174  8:27  Roach x3, Zergling x6  
  172  8:38  Roach x3, Zergling x12  
  178  8:41  Roach  
  174  8:49  Zergling x6  
  174  8:54  Zergling x2  
  178  8:56  Baneling x22  
  178  8:58  Baneling  
  178  8:59  Baneling x23  
  178  9:00  Zergling x10  
  178  9:01  Zergling x4  
  187  9:02  Zergling x4  
  187  9:03  Zergling x2  
  187  9:05  Zergling x4  
  190  9:16  Zergling x10  
  193  9:21  Zergling x6  
  193  9:23  Roach  
  186  9:24  Zergling x2  
  186  9:25  Zergling x2  
Tags
 
Add a new tag
Caveats
  • Supply blocks, unpowered buildings, or Contaminate may cause inaccurate times.
  • Supply counts are checked every 10 seconds.